Map: King's Cove LE

Players

MatthewCraft

  • Race: Zerg Zerg
  • League: Platinum
  • Spawn Location: 5:00

wootwoot - Winner!

  • Race: Zerg Zerg
  • League: Gold
  • Spawn Location: 11:00

VOD

Have the link to the VOD?

Description

Time

  • Played on: April 21, 2025, 12:22 p.m.
  • Length: 3:19
Show
View Real Time Build Order
Export as new Build Order

MatthewCraft Zerg 

Build Orders: Hatch First 

Get SALT Encoding   

  12  0:00  Drone  
  13  0:15  Overlord  
  13  0:17  Drone  
  14  0:26  Drone, Extractor  
  15  0:34  Drone  
  16  0:43  Drone  
  17  0:53  Hatchery  
  17  0:57  Drone  
  17  0:59  Drone  
  18  1:11  Extractor  
  18  1:14  Spawning Pool  
  18  1:18  Drone  
  17  1:21  Drone  
  18  1:31  Drone  
  19  1:45  Overlord  
  19  2:03  Spine Crawler  
  19  2:04  Zergling x4  
  20  2:09  Zergling x2  
  20  2:21  Zergling x4  
  22  2:31  Zergling x4  
  22  2:39  Queen  
  24  3:01  Zergling x6  
Show
View Real Time Build Order
Export as new Build Order

wootwoot Zerg - Winner!

Build Orders: Pool First 

Get SALT Encoding   

  12  0:00  Drone  
  13  0:07  Extractor  
  12  0:25  Spawning Pool  
  11  0:29  Drone  
  11  0:35  Drone  
  13  0:49  Overlord  
  13  1:12  Zergling x6  
  13  1:13  Metabolic Boost  
  16  1:23  Zergling x2  
  17  1:34  Zergling x2  
  18  1:45  Hatchery  
  17  1:51  Zergling x2  
  18  2:00  Zergling x2  
  19  2:09  Queen  
  19  2:15  Zergling x2  
  22  2:23  Overlord  
  22  2:36  Overlord  
  21  2:42  Zergling x2  
  22  2:50  Zergling x2  
  23  2:57  Zergling x2  
  24  3:00  Zergling x2  
Tags
 
Add a new tag
Caveats
  • Supply blocks, unpowered buildings, or Contaminate may cause inaccurate times.
  • Supply counts are checked every 10 seconds.